Map: Newkirk Precinct TE (Void)

Players

cba

  • Race: Terran Terran
  • League: Diamond
  • Spawn Location: 5:00

Musumeci - Winner!

  • Race: Zerg Zerg
  • League: Diamond
  • Spawn Location: 7:00

VOD

Have the link to the VOD?

Description

Time

  • Played on: Dec. 30, 2016, 2:48 p.m.
  • Length: 17:52
Show
View Real Time Build Order
Export as new Build Order

cba Terran 

Build Orders: Reaper Expand, MMM Bio 

Get SALT Encoding   

  12  0:01  SCV  
  13  0:13  SCV  
  14  0:18  Supply Depot  
  14  0:25  SCV  
  15  0:40  SCV  
  15  0:42  Barracks  
  16  0:47  Refinery  
  16  0:52  SCV  
  17  1:04  SCV  
  18  1:16  SCV  
  19  1:28  Orbital Command  
  19  1:29  Reaper  
  20  1:42  Command Center  
  20  1:54  SCV  
  20  1:59  Barracks  
  21  2:04  Barracks Reactor  
  21  2:08  SCV  
  21  2:12  Supply Depot  
  22  2:16  Refinery  
  22  2:20  SCV  
  23  2:29  Factory  
  23  2:34  SCV  
  24  2:41  Marine x2  
  26  2:48  SCV  
  26  2:49  Barracks Tech Lab  
  27  2:54  Orbital Command  
  27  3:00  SCV  
  27  3:01  Marine x2  
  30  3:07  Marine  
  30  3:12  SCV  
  32  3:14  Stimpack  
  32  3:22  SCV, Marine  
  32  3:24  SCV  
  35  3:29  Starport, Factory Reactor  
  35  3:33  Marine  
  36  3:35  SCV  
  36  3:36  SCV  
  38  3:44  Marine  
  38  3:47  SCV, Marine  
  41  3:52  Supply Depot  
  41  3:53  Supply Depot  
  41  3:54  SCV  
  42  3:59  Marine  
  43  4:04  SCV  
  43  4:09  Marine x2  
  44  4:14  SCV, Medivac, Supply Depot, Factory Tech Lab  
  44  4:16  Supply Depot  
  49  4:18  Medivac  
  49  4:22  Marine  
  52  4:27  SCV  
  52  4:28  SCV  
  54  4:32  Marine  
  54  4:35  Marine  
  54  4:38  Supply Depot  
  56  4:40  Marine  
  56  4:41  SCV  
  56  4:42  SCV  
  59  4:46  Engineering Bay  
  59  4:50  Engineering Bay  
  59  4:55  Medivac  
  59  4:57  Viking  
  64  5:00  SCV x2  
  64  5:02  Marine x2  
  64  5:03  Marine  
  68  5:09  Refinery  
  68  5:12  SCV  
  68  5:13  Supply Depot  
  69  5:17  Supply Depot  
  69  5:20  Marine x2  
  69  5:21  Marine, Combat Shields  
  72  5:38  Marine x2  
  72  5:39  Marine, Command Center  
  75  5:44  Factory Tech Lab  
  76  5:50  SCV, Barracks  
  76  5:51  Barracks  
  76  5:53  Barracks  
  75  6:04  Marine x2  
  75  6:07  Marauder  
  79  6:12  SCV x2  
  79  6:13  Siege Tank  
  79  6:14  Terran Infantry Weapons Level 1  
  79  6:15  Terran Infantry Armor Level 1  
  84  6:22  Marine x2  
  86  6:28  Marine  
  86  6:35  SCV x2  
  86  6:38  Refinery  
  88  6:40  Marine x2  
  88  6:41  Barracks Reactor x2, Armory  
  88  6:46  Marauder  
  88  6:47  Marauder  
  94  6:58  Orbital Command, Marine x2  
  94  7:00  Siege Tank  
  99  7:06  Marine  
  99  7:07  Marine  
  101  7:15  Orbital Command, Marine  
  101  7:20  Marine x3  
  101  7:21  Marine x2  
  107  7:25  Marauder, Supply Depot  
  107  7:26  Marauder, Supply Depot  
  111  7:44  Marine  
  111  7:46  Marine x3  
  111  7:47  Marauder  
  111  7:48  Siege Tank  
  111  7:49  Medivac x2  
  123  7:54  Marine x2  
  125  8:01  Concussive Shells  
  125  8:02  Marine  
  125  8:03  SCV x2  
  125  8:04  Terran Vehicle Weapons Level 1, Marine  
  127  8:09  Marauder  
  129  8:13  Barracks Tech Lab  
  129  8:15  SCV  
  130  8:20  Siege Tank  
  133  8:37  Supply Depot  
  133  8:38  Supply Depot  
  133  8:39  Terran Infantry Weapons Level 2  
  133  8:58  Marine x2  
  133  8:59  Marauder, SCV x3, Marine x2  
  133  9:00  Marauder, Marine  
  145  9:02  Supply Depot  
  145  9:04  Supply Depot x2  
  145  9:05  Supply Depot  
  145  9:06  Terran Infantry Armor Level 2  
  145  9:10  Marine  
  145  9:11  SCV  
  145  9:13  SCV x2  
  149  9:24  Marauder, Marine x2, Command Center  
  149  9:25  Supply Depot  
  149  9:27  Marine x2  
  149  9:28  Marine  
  156  9:32  Supply Depot  
  156  9:38  Marine x2, Siege Tank  
  159  9:41  Marine  
  162  9:46  Marauder  
  164  9:55  Marine x3  
  164  9:57  Marauder  
  169  10:05  SCV x3  
  169  10:06  Marine x2  
  169  10:07  Marauder, Marine  
  174  10:10  Siege Tank  
  174  10:11  Barracks  
  174  10:12  Barracks  
  174  10:13  Barracks, Marine  
  174  10:23  Marine x3  
  174  10:24  Marine x2  
  173  10:29  Marauder  
  173  10:34  Liberator x2  
  175  10:36  Marine x2  
  175  10:39  Planetary Fortress  
  175  10:40  SCV  
  175  10:41  Marauder  
  175  10:42  Siege Tank  
  183  10:45  SCV x2  
  189  10:50  Marauder  
  189  10:52  SCV  
  194  11:00  Barracks Tech Lab  
  194  11:01  Barracks Tech Lab x2  
  194  11:03  Factory  
  194  11:05  Marine  
  194  11:11  SCV x2, Refinery  
  197  11:12  SCV, Refinery  
  197  11:15  Marine x2  
  197  11:17  Terran Infantry Weapons Level 3  
  199  11:30  Marine  
  199  11:31  Marauder  
  186  11:37  Marine  
  186  11:38  Marauder  
  173  11:42  Siege Tank  
  173  11:43  Marine  
  173  11:44  Marauder  
  176  11:48  Marine x2  
  176  11:49  Marauder x2  
  154  11:56  Marine x2  
  154  11:57  Marauder  
  154  11:58  Factory Tech Lab  
  153  12:07  Medivac x2  
  157  12:14  Siege Tank  
  144  12:16  Marine  
  144  12:17  Marauder, Marine x2  
  144  12:18  Marauder  
  127  12:25  Marine x3  
  127  12:26  Marauder x2  
  122  12:31  Marine  
  122  12:34  Marine  
  122  12:35  Marine x2  
  122  12:36  SCV  
  127  12:37  Medivac x2  
  127  12:39  Marauder x2, Refinery x2  
  127  12:43  Marine  
  136  12:47  Marauder, SCV  
  139  12:52  Marine x2  
  139  12:53  Marauder, Marine x3  
  139  12:54  Marauder, Siege Tank  
  139  12:55  Siege Tank  
  154  13:00  Marauder, Marine x2  
  154  13:03  Command Center  
  158  13:08  Marine  
  158  13:10  Marine x2  
  143  13:15  Marauder x2  
  143  13:18  Marine x2  
  143  13:19  Marauder, Marine  
  139  13:20  Marine  
  139  13:22  Marauder  
  139  13:26  Marauder  
  143  13:36  Marauder  
  143  13:40  Marine  
  143  13:41  Marauder, Missile Turret, Marine x2  
  150  13:53  SCV  
  151  13:57  Siege Tank x2  
  153  14:12  Marine  
  153  14:13  Marauder, Marine  
  153  14:14  SCV  
  152  14:18  Planetary Fortress  
  152  14:21  Missile Turret  
  134  14:27  Marine x2  
  134  14:28  Marauder  
  134  14:29  Siege Tank  
  132  14:33  Marine  
  132  14:34  Marine x3  
  132  14:35  Marauder x2, Marine x2  
  132  14:36  Viking, Medivac  
  121  14:46  Marine x2  
  121  14:49  Marauder  
  121  14:51  Marine  
  121  14:52  Marine x3  
  123  14:53  Marauder x2  
  123  14:57  Marine  
  123  14:58  Marauder  
  130  15:06  Medivac x2  
  133  15:12  Marine  
  133  15:13  Marine x2  
  122  15:16  Missile Turret  
  122  15:44  Marine x2  
  122  15:45  Marine  
  122  15:47  Marine  
  124  16:07  Marine  
  124  16:08  Marine  
  124  16:09  Marauder, Marine x2  
  124  16:10  Marauder, Marine  
  130  16:18  Marine x2  
  132  16:19  Marauder  
  132  16:21  Marine  
  132  16:23  SCV  
  132  16:25  Medivac  
  138  16:27  SCV  
  138  16:28  SCV x2  
  132  16:45  Marine  
  132  16:46  Marine x2  
  60  16:56  Marine x2  
  59  17:05  Marine  
  60  17:11  Marine  
  60  17:12  Marine  
  60  17:14  SCV  
  63  17:19  Marine x2  
  65  17:23  Marine x2  
  66  17:30  SCV x3  
Show
View Real Time Build Order
Export as new Build Order

Musumeci Zerg - Winner!

Build Orders: Hatch First 

Get SALT Encoding   

  12  0:02  Drone  
  13  0:08  Drone  
  14  0:17  Drone, Extractor  
  15  0:40  Hatchery  
  14  0:46  Extractor  
  14  0:47  Drone  
  15  1:03  Spawning Pool  
  14  1:05  Extractor  
  14  1:07  Drone  
  14  1:12  Extractor  
  14  1:15  Drone  
  14  1:24  Overlord  
  16  1:43  Drone x2  
  16  1:45  Drone  
  19  1:49  Queen  
  19  1:53  Queen  
  23  1:58  Drone  
  24  2:01  Drone  
  24  2:04  Drone  
  26  2:11  Drone  
  26  2:14  Drone  
  27  2:19  Overlord  
  27  2:25  Extractor  
  26  2:31  Queen  
  29  2:37  Queen  
  29  2:42  Drone x4  
  35  2:47  Overlord  
  35  2:55  Drone  
  36  3:05  Drone x3  
  36  3:06  Drone x4  
  43  3:22  Extractor  
  43  3:25  Extractor  
  43  3:26  Roach Warren  
  40  4:03  Drone x4  
  44  4:10  Overlord x3  
  44  4:18  Hatchery  
  43  4:32  Roach  
  43  4:33  Roach x4  
  53  4:43  Evolution Chamber  
  53  4:44  Evolution Chamber  
  51  4:49  Lair  
  51  4:52  Drone x5  
  57  5:07  Drone x3, Extractor  
  57  5:08  Drone  
  57  5:10  Drone, Extractor  
  57  5:13  Drone x4  
  63  5:19  Roach  
  65  5:22  Overlord  
  65  5:50  Hatchery  
  65  5:51  Overlord  
  65  5:54  Roach x2  
  68  6:18  Spore Crawler  
  67  6:19  Drone x2, Spore Crawler  
  67  6:20  Drone x2  
  67  6:21  Spore Crawler  
  67  6:23  Glial Reconstitution, Zerg Ground Armor Level 1, Zerg Missile Weapons Level 1  
  67  6:24  Drone, Spore Crawler  
  67  6:25  Drone x3  
  72  7:06  Roach  
  72  7:08  Overlord x5  
  74  7:44  Hatchery  
  73  7:46  Roach x9  
  73  7:48  Ravager  
  73  7:49  Hatchery  
  92  7:51  Ravager  
  90  8:18  Ravager  
  90  8:19  Ravager  
  92  8:20  Zerg Ground Armor Level 2  
  92  8:24  Zerg Missile Weapons Level 2  
  92  8:35  Overlord  
  92  8:38  Overlord  
  92  8:40  Overlord  
  92  8:53  Overlord x2  
  92  8:54  Roach  
  92  8:55  Roach x2  
  98  9:01  Drone x8  
  106  9:10  Queen  
  108  9:20  Drone x6  
  108  9:23  Extractor  
  113  9:24  Extractor  
  113  9:29  Ravager x4  
  113  9:31  Ravager x9  
  125  9:32  Overlord x7  
  125  9:37  Extractor  
  124  9:38  Overlord x2  
  124  9:39  Overlord  
  124  9:42  Extractor  
  123  9:53  Drone x3  
  123  9:54  Drone x2  
  123  9:55  Drone  
  123  9:56  Drone x4  
  133  10:04  Roach x8  
  145  10:22  Drone x3  
  145  10:24  Drone x3  
  145  10:26  Drone x3  
  145  10:27  Drone x2  
  145  10:28  Drone  
  155  10:30  Drone x5  
  160  10:45  Roach x6  
  172  10:53  Tunneling Claws  
  172  10:54  Infestation Pit, Burrow  
  172  10:56  Roach x11  
  193  11:07  Ravager x2  
  193  11:08  Ravager x5  
  183  11:51  Roach x10  
  179  12:04  Roach x4  
  179  12:05  Roach x3  
  153  12:27  Roach x12  
  153  12:28  Roach x4  
  173  12:33  Ravager x10  
  173  12:34  Roach x5  
  173  12:36  Ravager x3  
  186  12:57  Roach x2  
  186  12:58  Roach x5  
  200  13:04  Roach x2  
  200  13:05  Roach x3  
  200  13:06  Extractor  
  200  13:07  Hatchery  
  200  13:08  Extractor  
  183  13:25  Roach x4  
  183  13:26  Roach x6  
  200  13:37  Roach x2  
  196  13:57  Roach  
  196  14:00  Roach x2  
  196  14:12  Roach x2  
  196  14:13  Roach x4  
  165  14:43  Roach x5  
  165  14:44  Roach x4  
  165  14:45  Roach x16  
  184  14:55  Roach x2  
  175  15:40  Ravager x4  
  175  15:41  Ravager x3  
  175  15:42  Ravager x4  
  184  15:43  Roach x6  
  184  15:44  Roach x3  
  184  15:45  Roach x3  
  183  16:16  Roach  
  183  16:17  Roach x2  
  181  16:18  Roach x2  
  116  16:48  Roach x7  
  116  16:49  Roach x6  
  136  16:55  Roach  
  136  16:56  Roach x2  
  131  17:10  Drone x3  
  131  17:11  Drone x5  
  133  17:26  Roach x2  
  133  17:33  Roach  
  133  17:35  Ravager x12  
  133  17:36  Ravager  
Tags
 
Add a new tag
Caveats
  • Supply blocks, unpowered buildings, or Contaminate may cause inaccurate times.
  • Supply counts are checked every 10 seconds.